Unix NetHack Version 3.7.0-66 Work-in-progress - last build Dec 5 2022 03:26:57 (dbea811729ade750c4c0c7f8ab6145c62533a6e7,branch:master).

Game began 2022-12-14 22:30:21, ended 2022-12-14 23:32:55.

Gandelf, neutral male human Monk

  
stone
stone
stone
stone
stone
stone
stone
stone
stone
stone
stone
stone
stone
stone
stone
stone
stone
stone
stone
stone
stone
stone
stone
stone
stone
stone
stone
stone
stone
stone
stone
stone
stone
stone
stone
stone
stone
stone
stone
stone
stone
stone
stone
stone
stone
stone
stone
stone
stone
stone
stone
stone
stone
stone
stone
stone
stone
stone
stone
stone
stone
stone
stone
stone
stone
stone
stone
stone
stone
stone
stone
stone
stone
stone
stone
stone
stone
stone
stone
stone
stone
stone
stone
stone
stone
stone
stone
stone
stone
stone
stone
stone
stone
stone
stone
stone
stone
stone
stone
stone
stone
stone
stone
stone
stone
stone
stone
stone
stone
stone
stone
stone
stone
stone
stone
stone
stone
stone
stone
stone
stone
stone
stone
stone
stone
stone
stone
stone
stone
stone
stone
stone
stone
stone
stone
stone
stone
stone
stone
stone
stone
stone
stone
stone
stone
stone
stone
stone
stone
stone
stone
stone
stone
stone
stone
stone
stone
stone
stone
stone
stone
stone
stone
stone
stone
stone
stone
stone
stone
stone
stone
stone
stone
stone
stone
stone
stone
stone
stone
stone
stone
stone
stone
stone
stone
stone
stone
stone
stone
stone
stone
stone
stone
stone
stone
stone
stone
stone
stone
stone
stone
stone
stone
stone
stone
stone
stone
stone
stone
stone
stone
stone
stone
stone
stone
stone
stone
stone
stone
stone
stone
stone
stone
stone
stone
stone
stone
stone
stone
stone
stone
stone
stone
stone
stone
stone
stone
stone
stone
stone
stone
stone
stone
stone
stone
stone
stone
stone
stone
stone
stone
stone
stone
stone
stone
stone
stone
stone
stone
stone
stone
stone
stone
stone
stone
stone
stone
stone
stone
stone
stone
stone
stone
stone
stone
stone
stone
stone
stone
stone
stone
stone
stone
stone
stone
stone
stone
stone
stone
stone
stone
stone
stone
stone
stone
stone
stone
stone
stone
stone
stone
stone
stone
stone
stone
stone
stone
stone
stone
stone
stone
stone
stone
stone
stone
stone
stone
stone
stone
stone
stone
stone
stone
stone
stone
stone
stone
stone
stone
stone
stone
stone
stone
stone
stone
stone
stone
stone
stone
stone
stone
stone
stone
stone
stone
stone
stone
stone
stone
stone
stone
stone
stone
stone
stone
stone
stone
stone
stone
stone
stone
stone
stone
stone
stone
stone
stone
stone
stone
stone
stone
stone
stone
stone
stone
stone
stone
stone
stone
stone
stone
stone
stone
stone
stone
stone
stone
stone
stone
stone
stone
stone
stone
stone
stone
stone
stone
stone
stone
stone
stone
stone
stone
stone
stone
stone
stone
stone
stone
stone
stone
stone
stone
stone
stone
stone
stone
stone
stone
stone
stone
stone
stone
stone
stone
wall
wall
wall
wall
wall
wall
wall
wall
wall
wall
wall
wall
wall
wall
wall
wall
wall
wall
stone
stone
stone
stone
stone
stone
stone
stone
stone
stone
stone
stone
stone
stone
stone
stone
stone
stone
stone
stone
stone
stone
stone
stone
stone
stone
stone
stone
stone
stone
stone
stone
stone
stone
stone
stone
stone
stone
stone
stone
stone
stone
stone
stone
stone
stone
stone
stone
stone
stone
stone
stone
stone
stone
stone
stone
stone
stone
stone
stone
stone
wall
)a dart
.floor of a room
qmumak
@human monk called Gandelf
.floor of a room
.floor of a room
.floor of a room
.floor of a room
.floor of a room
.floor of a room
%a panther corpse
.floor of a room
>staircase down
.floor of a room
.floor of a room
.floor of a room
wall
stone
stone
stone
stone
stone
stone
stone
stone
stone
stone
stone
stone
stone
stone
stone
stone
stone
stone
stone
stone
stone
stone
stone
stone
stone
stone
stone
stone
stone
stone
stone
stone
stone
stone
stone
stone
stone
stone
stone
stone
stone
stone
stone
stone
stone
stone
stone
stone
stone
stone
stone
stone
stone
stone
stone
stone
stone
stone
stone
stone
stone
wall
)a bow
wall
wall
wall
wall
wall
wall
wall
wall
wall
wall
wall
.dark part of a room
.dark part of a room
.dark part of a room
.dark part of a room
wall
wall
wall
stone
stone
stone
stone
stone
stone
stone
stone
stone
stone
stone
stone
stone
stone
stone
stone
stone
stone
stone
stone
stone
stone
stone
stone
stone
stone
stone
stone
stone
stone
stone
stone
stone
stone
stone
stone
stone
stone
stone
stone
stone
stone
stone
stone
stone
stone
stone
stone
stone
stone
stone
stone
stone
stone
stone
stone
stone
stone
stone
wall
.dark part of a room
.dark part of a room
.dark part of a room
.dark part of a room
.dark part of a room
.dark part of a room
.dark part of a room
wall
wall
wall
wall
wall
.dark part of a room
wall
.dark part of a room
.dark part of a room
.dark part of a room
.dark part of a room
wall
stone
stone
stone
stone
stone
stone
stone
stone
stone
stone
stone
stone
stone
stone
stone
stone
stone
stone
stone
stone
stone
stone
stone
stone
stone
stone
stone
stone
stone
stone
stone
stone
stone
stone
stone
stone
stone
stone
stone
stone
stone
stone
stone
stone
stone
stone
stone
stone
stone
stone
stone
stone
stone
stone
stone
stone
stone
stone
stone
wall
.dark part of a room
.dark part of a room
.dark part of a room
.dark part of a room
.dark part of a room
.dark part of a room
.dark part of a room
wall
.dark part of a room
.dark part of a room
.dark part of a room
wall
.dark part of a room
.dark part of a room
.dark part of a room
wall
wall
.dark part of a room
wall
stone
stone
stone
stone
stone
stone
stone
stone
stone
stone
stone
stone
stone
stone
stone
stone
stone
stone
stone
stone
stone
stone
stone
stone
stone
stone
stone
stone
stone
stone
stone
stone
stone
stone
stone
stone
stone
stone
stone
stone
stone
stone
stone
stone
stone
stone
stone
stone
stone
stone
stone
stone
stone
stone
stone
stone
stone
stone
stone
wall
.dark part of a room
/a wand
.dark part of a room
.dark part of a room
.dark part of a room
.dark part of a room
.dark part of a room
wall
.dark part of a room
.dark part of a room
.dark part of a room
.dark part of a room
.dark part of a room
.dark part of a room
.dark part of a room
.dark part of a room
.dark part of a room
.dark part of a room
wall
stone
stone
stone
stone
stone
stone
stone
stone
stone
stone
stone
stone
stone
stone
stone
stone
stone
stone
stone
stone
stone
stone
stone
stone
stone
stone
stone
stone
stone
stone
stone
stone
stone
stone
stone
stone
stone
stone
stone
stone
stone
stone
stone
stone
stone
stone
stone
stone
stone
stone
stone
stone
stone
stone
stone
stone
stone
stone
stone
wall
.dark part of a room
.dark part of a room
.dark part of a room
<staircase up
.dark part of a room
.dark part of a room
.dark part of a room
wall
wall
.dark part of a room
wall
wall
.dark part of a room
wall
%a clove of garlic
.dark part of a room
.dark part of a room
.dark part of a room
wall
stone
stone
stone
stone
stone
stone
stone
stone
stone
stone
stone
stone
stone
stone
stone
stone
stone
stone
stone
stone
stone
stone
stone
stone
stone
stone
stone
stone
stone
stone
stone
stone
stone
stone
stone
stone
stone
stone
stone
stone
stone
stone
stone
stone
stone
stone
stone
stone
stone
stone
stone
stone
stone
stone
stone
stone
stone
stone
stone
wall
.dark part of a room
.dark part of a room
.dark part of a room
.dark part of a room
.dark part of a room
.dark part of a room
.dark part of a room
wall
.dark part of a room
.dark part of a room
.dark part of a room
wall
)a bow
.dark part of a room
.dark part of a room
.dark part of a room
wall
.dark part of a room
wall
stone
stone
stone
stone
stone
stone
stone
stone
stone
stone
stone
stone
stone
stone
stone
stone
stone
stone
stone
stone
stone
stone
stone
stone
stone
stone
stone
stone
stone
stone
stone
stone
stone
stone
stone
stone
stone
stone
stone
stone
stone
stone
stone
stone
stone
stone
stone
stone
stone
stone
stone
stone
stone
stone
stone
stone
stone
stone
stone
wall
.dark part of a room
.dark part of a room
.dark part of a room
.dark part of a room
.dark part of a room
.dark part of a room
.dark part of a room
wall
.dark part of a room
0a boulder
.dark part of a room
.dark part of a room
.dark part of a room
.dark part of a room
wall
.dark part of a room
.dark part of a room
.dark part of a room
wall
stone
stone
stone
stone
stone
stone
stone
stone
stone
stone
stone
stone
stone
stone
stone
stone
stone
stone
stone
stone
stone
stone
stone
stone
stone
stone
stone
stone
stone
stone
stone
stone
stone
stone
stone
stone
stone
stone
stone
stone
stone
stone
stone
stone
stone
stone
stone
stone
stone
stone
stone
stone
stone
stone
stone
stone
stone
stone
stone
wall
.dark part of a room
.dark part of a room
.dark part of a room
.dark part of a room
.dark part of a room
.dark part of a room
.dark part of a room
wall
.dark part of a room
wall
0a boulder
.dark part of a room
wall
.dark part of a room
0a boulder
.dark part of a room
wall
.dark part of a room
wall
stone
stone
stone
stone
stone
stone
stone
stone
stone
stone
stone
stone
stone
stone
stone
stone
stone
stone
stone
stone
stone
stone
stone
stone
stone
stone
stone
stone
stone
stone
stone
stone
stone
stone
stone
stone
stone
stone
stone
stone
stone
stone
stone
stone
stone
stone
stone
stone
stone
stone
stone
stone
stone
stone
stone
stone
stone
stone
stone
wall
wall
wall
wall
wall
wall
wall
wall
wall
wall
wall
.dark part of a room
.dark part of a room
.dark part of a room
.dark part of a room
0a boulder
.dark part of a room
.dark part of a room
.dark part of a room
wall
stone
stone
stone
stone
stone
stone
stone
stone
stone
stone
stone
stone
stone
stone
stone
stone
stone
stone
stone
stone
stone
stone
stone
stone
stone
stone
stone
stone
stone
stone
stone
stone
stone
stone
stone
stone
stone
stone
stone
stone
stone
stone
stone
stone
stone
stone
stone
stone
stone
stone
stone
stone
stone
stone
stone
stone
stone
stone
stone
stone
stone
stone
stone
stone
stone
stone
stone
stone
stone
wall
.dark part of a room
0a boulder
.dark part of a room
.dark part of a room
wall
.dark part of a room
wall
wall
wall
stone
stone
stone
stone
stone
stone
stone
stone
stone
stone
stone
stone
stone
stone
stone
stone
stone
stone
stone
stone
stone
stone
stone
stone
stone
stone
stone
stone
stone
stone
stone
stone
stone
stone
stone
stone
stone
stone
stone
stone
stone
stone
stone
stone
stone
stone
stone
stone
stone
stone
stone
stone
stone
stone
stone
stone
stone
stone
stone
stone
stone
stone
stone
stone
stone
stone
stone
stone
stone
wall
wall
wall
wall
wall
wall
wall
wall
stone
stone
stone
stone
stone
stone
stone
stone
stone
stone
stone
stone
stone
stone
stone
stone
stone
stone
stone
stone
stone
stone
stone
stone
stone
stone
stone
stone
stone
stone
stone
stone
stone
stone
stone
stone
stone
stone
stone
stone
stone
stone
stone
stone
stone
stone
stone
stone
stone
stone
stone
stone
stone
stone
stone
stone
stone
stone
stone
stone
stone
stone
stone
stone
stone
stone
stone
stone
stone
stone
stone
stone
stone
stone
stone
stone
stone
stone
stone
stone
stone
stone
stone
stone
stone
stone
stone
stone
stone
stone
stone
stone
stone
stone
stone
stone
stone
stone
stone
stone
stone
stone
stone
stone
stone
stone
stone
stone
stone
stone
stone
stone
stone
stone
stone
stone
stone
stone
stone
stone
stone
stone
stone
stone
stone
stone
stone
stone
stone
stone
stone
stone
stone
stone
stone
stone
stone
stone
stone
stone
stone
stone
stone
stone
stone
stone
stone
stone
stone
stone
stone
stone
stone
stone
stone
stone
stone
stone
stone
stone
stone
stone
stone
stone
stone
stone
stone
stone
stone
stone
stone
stone
stone
stone
stone
stone
stone
stone
stone
stone
stone
stone
stone
stone
stone
stone
stone
stone
stone
stone
stone
stone
stone
stone
stone
stone
stone
stone
stone
stone
stone
stone
stone
stone
stone
stone
stone
stone
stone
stone
stone
stone
stone
stone
stone
stone
stone
stone
stone
stone
stone
stone
stone
stone
stone
stone
stone
stone
stone
stone
stone
stone
stone
stone
stone
stone
stone
stone
stone
stone
stone
stone
stone
stone
stone
stone
stone
stone
stone
stone
stone
stone
stone
stone
stone
stone
stone
stone
stone
stone
stone
stone
stone
stone
stone
stone
stone
stone
[Gandelf the Initiate ] St:18 Dx:13 Co:16 In:11 Wi:12 Ch:7 Neutral S:4338 Dlvl:5 $:230 HP:0(55) Pw:34(34) AC:-4 Xp:7/927 T:5411 Burdened

Latest messages:

The panther misses!
The panther hits!
The panther bites!
You hit the panther!
The panther hits!
The panther hits!
The panther bites!
You kill the panther!
You see here a panther corpse.
You see here an uncursed bow.
With great effort you move the boulder.
With great effort you move the boulder.
With great effort you move the boulder.
You see here an uncursed bow.
You see here a clove of garlic.
The boulder won't roll diagonally on this floor.
With great effort you move the boulder.
You see here an uncursed bow.
You see here a panther corpse.
The boulder falls into and plugs a hole in the floor!
You see here a panther corpse.
You fall down the stairs.
You hear some noises in the distance.
You climb up the stairs.
You fall down the stairs.
There is a broken door here.
You see here a pair of fencing gloves.
In what direction? k
You kick a pair of fencing gloves.
The pair of fencing gloves misses the spotted jelly.
You swap places with your kitten.
The kitten misses the acid blob.
The kitten bites the acid blob.
The kitten is splashed by the acid blob's acid!
You climb up the stairs.
You see here a panther corpse.
In what direction? j
As you kick the door, it crashes open!
You kill the gnome!
The gnome throws a dart!
The dart misses the mumak.
A dart misses you.
You miss the mumak.
The mumak butts!
The mumak misses!
The mumak butts!
The mumak bites!
The mumak butts!
You die...
Do you want your possessions identified? [ynq] (y) q

Inventory:

Coins

$ - 230 gold pieces

Amulets

r - an uncursed amulet of guarding (being worn)

Weapons

z - 4 +0 arrows (in quiver)
x - 3 +0 darts
I - a +0 axe

Armor

w - an uncursed +0 dwarvish iron helm (being worn)
a - an uncursed +2 pair of leather gloves (being worn)
y - an uncursed +0 pair of iron shoes (being worn)
B - an uncursed +0 dwarvish roundshield (being worn)
E - an uncursed +0 dwarvish cloak
P - a blessed +1 mummy wrapping
b - an uncursed +1 robe (being worn)

Comestibles

X - an uncursed slime mold
h - 6 uncursed apples
n - an uncursed cream pie
u - an uncursed cream pie
g - 2 uncursed food rations
m - an uncursed food ration
j - an uncursed fortune cookie
i - 5 uncursed oranges
e - an uncursed tripe ration
W - 2 uncursed eggs

Scrolls

T - a cursed scroll of blank paper
Z - a blessed scroll of earth
f - an uncursed scroll of earth
q - an uncursed scroll of enchant armor
D - a cursed scroll of enchant weapon
U - a blessed scroll of identify
M - 2 cursed scrolls of light
d - an uncursed scroll of remove curse
H - an uncursed scroll of teleportation

Spellbooks

N - an uncursed spellbook of knock
c - a blessed spellbook of protection

Potions

K - a cursed potion of blindness
Q - an uncursed potion of confusion
O - a cursed potion of gain energy
L - an uncursed potion of monster detection
S - an uncursed potion of oil
p - 4 potions of holy water
C - an uncursed potion of water

Rings

Y - an uncursed ring of cold resistance
G - an uncursed +1 ring of gain constitution
A - an uncursed +1 ring of protection

Wands

o - a wand of lightning (0:4)
s - a wand of speed monster (0:4)

Tools

v - an uncursed bell
k - a magic marker (0:85)
l - an uncursed pair of lenses
V - an uncursed saddle
F - an uncursed tin whistle
J - an uncursed tin whistle

Gems/Stones

t - an uncursed worthless piece of green glass
R - an uncursed worthless piece of violet glass

Gandelf the Monk's attributes:


Background:

You were an Initiate, a level 7 male human Monk.
You were neutral, on a mission for Chih Sung-tzu
who was opposed by Shan Lai Ching (lawful) and Huan Ti (chaotic).
You were in Sokoban, on level 5.
You entered the dungeon 5411 turns ago.
It was nighttime.
You had 927 experience points, 353 more were needed to attain level 8.
Your score was 4338 before end-of-game adjustments.

Basics:

You had 0 out of 55 hit points.
You had all 34 energy points (spell power).
Your armor class was -4.
Your wallet contained 230 zorkmids.
Autopickup was on for '$?!+/=' plus thrown.

Final Characteristics:

Your strength was 18 (limit:18/100).
Your dexterity was 13 (limit:18).
Your constitution was 16 (limit:18).
Your intelligence was 11 (limit:18).
Your wisdom was 12 (limit:18).
Your charisma was 7 (limit:18).

Final Status:

You were not hungry.
You were burdened; movement was slightly slowed.
You were empty handed.
You were skilled in martial arts.

Final Attributes:

You were piously aligned.
You were sleep resistant.
You were poison resistant.
You saw invisible.
You were warned.
You were stealthy.
You had a small defense bonus (+2).
You were protected.
You were fast.
You are dead.

Miscellaneous:
You never encountered a bones level.
Total elapsed playing time was 31 minutes and 51 seconds.

Major events:

Turn

1: Gandelf the neutral male human Monk entered the dungeon
516: attained the rank of Novice (level 3)
1007: entered the Gnomish Mines
2245: attained the rank of Initiate (level 6)
2691: entered Sokoban
3097: completed 1st Sokoban level
4830: completed 2nd Sokoban level
5320: completed 3rd Sokoban level
5411: killed by a mumak

Vanquished creatures:

a large dog
a tiger
a panther
a giant spider
a gnome ruler
a raven
a gnome mummy
a snake
2 human zombies
a rope golem
2 rock moles
a pony
a yellow light
a shrieker
a golden naga hatchling
a guardian naga hatchling
2 gray oozes
an elf zombie
a paper golem
5 giant ants
3 floating eyes
a dwarf
a homunculus
a rothe
2 dwarf zombies
a wererat
4 iguanas
5 killer bees
a hobbit
3 large kobolds
3 hobgoblins
5 giant rats
3 cave spiders
2 brown molds
3 gnomes
2 gnome zombies
4 geckos
11 jackals
3 foxes
2 kobolds
2 goblins
5 grid bugs
4 lichens
4 newts
102 creatures vanquished.
No species were genocided or became extinct.

Voluntary challenges:

You followed a strict vegan diet.
You never hit with a wielded weapon.
You were illiterate.
You never engraved Elbereth.
You never genocided any monsters.
You never polymorphed an object.
You never changed form.
You used no wishes.
You did not violate any of the special Sokoban rules.

Achievements:

You attained the rank of Novice.
You entered the Gnomish Mines.
You attained the rank of Initiate.
You entered Sokoban.

The Dungeons of Doom: levels 1 to 9

   Level 1:
Level 2:
An altar to Chih Sung-tzu.
Level 3:
Some fountains, a sink, a grave.
Stairs down to The Gnomish Mines.
Level 4:
Some fountains, a sink.
Level 5:
Level 6:
Some altars.
Level 7:
Many fountains.
Oracle of Delphi.
Level 8:
An altar to Chih Sung-tzu.
Stairs up to Sokoban, level 7.
Level 9:

The Gnomish Mines:

   Level 4:

Sokoban: levels 7 up to 5

   Level 5: <- You were here.
Solved.
Final resting place for
you, killed by a mumak.
Level 6:
Solved.
Level 7:
Solved.

Game over:

----------
/ \
/ REST \
/ IN \
/ PEACE \
/ \
| Gandelf |
| 230 Au |
| killed by a |
| mumak |
| |
| |
| 2022 |
*| * * * | *
_________)/\\_//(\/(/\)/\//\/|_)_______

Goodbye Gandelf the Monk...


You died in Sokoban on dungeon level 5 with 4315 points,
and 230 pieces of gold, after 5411 moves.
You were level 7 with a maximum of 55 hit points when you died.